PBL
ROSWELL INVADERS @ COLORADO AVALANCHE
09/08/2045
 
TOP OF THE 1ST
Roswell Invaders batting - Pitching for Colorado Avalanche : RHP Michael Conrad
Pitching: RHP Michael Conrad
Batting: RHB D.J. Cooke 0-0: Foul Ball, location: 2F
0-1: Foul Ball, location: 2F
0-2: Foul Ball, location: 2F
0-2: Ground out 3-1 (Groundball, 34S, EV 82.5 MPH)
Batting: SHB Ed Vargas 0-0: Ball
1-0: Foul Ball, location: 2F
1-1: Foul Ball, location: 2F
1-2: Strikes out looking
Batting: RHB Josh Burrows 0-0: Ball
1-0: Swinging Strike
1-1: DOUBLE (Line Drive, 78D, EV 103.8 MPH)
Batting: RHB Mike Swift 0-0: Called Strike
0-1: Ball
1-1: Fly out, F9 (Line Drive, 9, EV 96.2 MPH)
Top of the 1st over - 0 runs, 1 hit, 0 errors, 1 left on base; Roswell 0 - Colorado 0
BOTTOM OF THE 1ST
Colorado Avalanche batting - Pitching for Roswell Invaders : RHP Jordan Rondon
Pitching: RHP Jordan Rondon
Batting: SHB Jamie Mims 0-0: Called Strike
0-1: Ball
1-1: Ball
2-1: Foul Ball, location: 2F
2-2: Fly out, F4 (Line Drive, 4, EV 65.0 MPH)
Batting: LHB Michael Krott 0-0: Ball
1-0: Called Strike
1-1: Foul Ball, location: 2F
1-2: Ball
2-2: Ball
3-2: Base on Balls
Batting: RHB Ray Insley 0-0: Called Strike
0-1: Called Strike
0-2: Ball
1-2: Ball
2-2: Ball
Michael Krott steals 2nd base
3-2: Base on Balls
Batting: RHB John Corfield 0-0: Called Strike
0-1: Ball
1-1: Foul Ball, location: 2F
1-2: Ball
2-2: Foul Ball, location: 2F
2-2: Foul Ball, location: 2F
2-2: Ground out U3 (Groundball, 3S, EV 71.2 MPH)
Michael Krott to third
Ray Insley to second
Batting: RHB Matviy Oliynyk 0-0: Ball
1-0: Ball
2-0: Swinging Strike
2-1: Called Strike
2-2: Strikes out swinging
Bottom of the 1st over - 0 runs, 0 hits, 0 errors, 2 left on base; Roswell 0 - Colorado 0
TOP OF THE 2ND
Roswell Invaders batting - Pitching for Colorado Avalanche : RHP Michael Conrad
Batting: LHB Josh Thomas 0-0: Ball
1-0: Swinging Strike
1-1: Ball
2-1: Ball
3-1: Foul Ball, location: 2F
3-2: Ground out 4-3 (Groundball, 4S, EV 88.8 MPH)
Batting: RHB Orlando Florez 0-0: Called Strike
0-1: Called Strike
0-2: Fly out, F7 (Flyball, 7S, EV 90.0 MPH)
Batting: RHB Edwin Romero 0-0: Ball
1-0: Ball
2-0: Foul Ball, location: 2F
2-1: Foul Ball, location: 2F
2-2: Foul Ball, location: 2F
2-2: Strikes out swinging
Top of the 2nd over - 0 runs, 0 hits, 0 errors, 0 left on base; Roswell 0 - Colorado 0
BOTTOM OF THE 2ND
Colorado Avalanche batting - Pitching for Roswell Invaders : RHP Jordan Rondon
Batting: RHB Mike McElroy 0-0: Ball
1-0: Called Strike
1-1: Swinging Strike
1-2: DOUBLE (Flyball, 89D, EV 100.0 MPH)
Batting: RHB Maurice Moore 0-0: Ground out 5-3 (Groundball, 56, EV 93.8 MPH)
Batting: RHB Bob Hayes 0-0: Called Strike
0-1: Swinging Strike
0-2: SINGLE (Groundball, 4M, EV 105.0 MPH)
Mike McElroy to third
Runner from 3rd tries for Home, SAFE, throw by CF to home
Batting: RHB Manny Thompson 0-0: Ball
1-0: Swinging Strike
1-1: Ball
2-1: Foul Ball, location: 2F
2-2: Foul Ball, location: 2F
2-2: Strikes out swinging
Batting: SHB Jamie Mims 0-0: Ball
1-0: Ball
2-0: Ball
3-0: Fly out, F8 (Flyball, 8RM, EV 95.6 MPH)
Bottom of the 2nd over - 1 run, 2 hits, 0 errors, 1 left on base; Roswell 0 - Colorado 1
TOP OF THE 3RD
Roswell Invaders batting - Pitching for Colorado Avalanche : RHP Michael Conrad
Batting: SHB Ethan Newby 0-0: Ball
1-0: SINGLE (Line Drive, 6MD, EV 103.1 MPH)
Batting: LHB Falco van Koeveringe 0-0: Foul Ball, location: 2F
0-1: Called Strike
0-2: Ball
1-2: Ball
2-2: Strikes out swinging
Batting: RHB D.J. Cooke 0-0: Ball
1-0: Called Strike
1-1: Called Strike
1-2: Ball
2-2: Ball
3-2: Strikes out swinging
Batting: SHB Ed Vargas 0-0: Ball
1-0: Ball
2-0: Foul Ball, location: 2F
2-1: Swinging Strike
2-2: Foul Ball, location: 2F
2-2: Ball
3-2: Base on Balls
Ethan Newby to second
Batting: RHB Josh Burrows 0-0: Ground out 4-3 (Groundball, 4, EV 108.1 MPH)
Top of the 3rd over - 0 runs, 1 hit, 0 errors, 2 left on base; Roswell 0 - Colorado 1
BOTTOM OF THE 3RD
Colorado Avalanche batting - Pitching for Roswell Invaders : RHP Jordan Rondon
Batting: LHB Michael Krott 0-0: SOLO HOME RUN (Flyball, 9D, EV 100.6 MPH), Distance : 393 ft
Batting: RHB Ray Insley 0-0: Ball
1-0: Ball
2-0: Foul Ball, location: 2F
2-1: Ball
3-1: Base on Balls
Batting: RHB John Corfield 0-0: Called Strike
0-1: Hit by Pitch
Ray Insley to second
Batting: RHB Matviy Oliynyk 0-0: Swinging Strike
0-1: SINGLE (Line Drive, 6MD, EV 108.8 MPH)
Ray Insley to third
John Corfield to second
Batting: RHB Mike McElroy 0-0: Foul Ball, location: 2F
0-1: Ball
1-1: Called Strike
1-2: Ball
2-2: Foul Ball, location: 2F
2-2: Ball
3-2: Foul Ball, location: 2F
3-2: SINGLE (Flyball, 8RS, EV 97.5 MPH)
Ray Insley scores
John Corfield to third
Matviy Oliynyk to second
Batting: RHB Maurice Moore 0-0: Ball
1-0: Ball
2-0: Ball
3-0: Base on Balls
John Corfield scores
Matviy Oliynyk to third
Mike McElroy to second
Batting: RHB Bob Hayes 0-0: Ball
1-0: Ball
2-0: Ball
3-0: Swinging Strike
3-1: Called Strike
3-2: Grounds into double play, 6-4-3 (Groundball, 6, EV 98.8 MPH)
Matviy Oliynyk scores
Mike McElroy to third
Batting: RHB Manny Thompson 0-0: Foul Ball, location: 2F
0-1: Called Strike
0-2: Foul Ball, location: 2F
0-2: Fly out, F8 (Flyball, 8RS, EV 90.6 MPH)
Bottom of the 3rd over - 4 runs, 3 hits, 0 errors, 1 left on base; Roswell 0 - Colorado 5
TOP OF THE 4TH
Roswell Invaders batting - Pitching for Colorado Avalanche : RHP Michael Conrad
Batting: RHB Mike Swift 0-0: Ground out 6-3 (Groundball, 6M, EV 89.4 MPH)
Batting: LHB Josh Thomas 0-0: Ball
1-0: Foul Ball, location: 2F
1-1: Ball
2-1: Swinging Strike
2-2: Strikes out swinging
Batting: RHB Orlando Florez 0-0: Ground out 1-3 (Groundball, 15, EV 71.2 MPH)
Top of the 4th over - 0 runs, 0 hits, 0 errors, 0 left on base; Roswell 0 - Colorado 5
BOTTOM OF THE 4TH
Colorado Avalanche batting - Pitching for Roswell Invaders : RHP Jordan Rondon
Batting: SHB Jamie Mims 0-0: Called Strike
0-1: Ground out 4-3 (Groundball, 4, EV 81.2 MPH)
Batting: LHB Michael Krott 0-0: Foul Ball, location: 2F
0-1: Ball
1-1: Called Strike
1-2: Ball
2-2: Ball
3-2: Fly out, F2 (Popup, 3SF, EV 72.5 MPH)
Batting: RHB Ray Insley 0-0: Called Strike
0-1: Ball
1-1: Foul Ball, location: 2F
1-2: Ball
2-2: Foul Ball, location: 2F
2-2: SOLO HOME RUN (Flyball, 7D, EV 96.9 MPH), Distance : 393 ft
Pitching: RHP Ramiz JambakurIan
Batting: RHB John Corfield 0-0: Ball
1-0: Ball
2-0: Ball
3-0: Base on Balls
Batting: RHB Matviy Oliynyk 0-0: Fly out, F8 (Flyball, 8RM, EV 96.2 MPH)
Bottom of the 4th over - 1 run, 1 hit, 0 errors, 1 left on base; Roswell 0 - Colorado 6
TOP OF THE 5TH
Roswell Invaders batting - Pitching for Colorado Avalanche : RHP Michael Conrad
Batting: RHB Edwin Romero 0-0: Fly out, F9 (Flyball, 9D, EV 98.8 MPH)
Batting: SHB Ethan Newby 0-0: Called Strike
0-1: Ball
1-1: Fly out, F8 (Flyball, 8LD, EV 95.0 MPH)
Batting: LHB Falco van Koeveringe 0-0: Ball
1-0: Foul Ball, location: 2F
1-1: Called Strike
1-2: Ball
2-2: SINGLE (Groundball, 5D, EV 99.4 MPH)
Batting: RHB D.J. Cooke 0-0: Fly out, F9 (Flyball, 9, EV 81.2 MPH)
Top of the 5th over - 0 runs, 1 hit, 0 errors, 1 left on base; Roswell 0 - Colorado 6
BOTTOM OF THE 5TH
Colorado Avalanche batting - Pitching for Roswell Invaders : RHP Ramiz JambakurIan
Batting: RHB Mike McElroy 0-0: Ball
1-0: Foul Ball, location: 2F
1-1: Fly out, F8 (Flyball, 8RD, EV 90.6 MPH)
Batting: RHB Maurice Moore 0-0: Called Strike
0-1: Ball
1-1: Ball
2-1: Ground out 4-3 (Groundball, 4, EV 75.6 MPH)
Batting: RHB Bob Hayes 0-0: Ball
1-0: Foul Ball, location: 2F
1-1: Ground out 6-3 (Groundball, 6, EV 78.8 MPH)
Bottom of the 5th over - 0 runs, 0 hits, 0 errors, 0 left on base; Roswell 0 - Colorado 6
TOP OF THE 6TH
Roswell Invaders batting - Pitching for Colorado Avalanche : RHP Michael Conrad
Batting: SHB Ed Vargas 0-0: Ball
1-0: Ball
2-0: Ball
3-0: Base on Balls
Batting: RHB Josh Burrows 0-0: Ground out 6-3 (Groundball, P, EV 90.0 MPH)
Ed Vargas to second
Batting: RHB Mike Swift 0-0: Swinging Strike
0-1: Ball
1-1: Fly out, F8 (Flyball, 8RD, EV 105.0 MPH)
Pitching: RHP Josh Blaschke
Batting: LHB Josh Thomas 0-0: Ball
1-0: SINGLE (Groundball, 34D, EV 105.0 MPH)
Ed Vargas to third
Runner from 3rd tries for Home, SAFE, throw by RF to home
Batting: RHB Orlando Florez 0-0: Foul Ball, location: 2F
0-1: Ball
1-1: Foul Ball, location: 2F
1-2: Ball
2-2: Ball
3-2: Foul Ball, location: 2F
3-2: Fly out, F8 (Flyball, 89D, EV 96.9 MPH)
Top of the 6th over - 1 run, 1 hit, 0 errors, 1 left on base; Roswell 1 - Colorado 6
BOTTOM OF THE 6TH
Colorado Avalanche batting - Pitching for Roswell Invaders : RHP Ramiz JambakurIan
Batting: RHB Manny Thompson 0-0: Ball
1-0: Called Strike
1-1: Ball
2-1: Foul Ball, location: 2F
2-2: Strikes out swinging
Batting: SHB Jamie Mims 0-0: Called Strike
0-1: Ball
1-1: Ball
2-1: Foul Ball, location: 5F, Error on foul ball, E5
2-2: Ball
3-2: Ground out 6-3 (Groundball, 4M, EV 99.4 MPH)
Batting: LHB Michael Krott 0-0: Ball
1-0: DOUBLE (Line Drive, 9LS, EV 108.8 MPH)
Batting: RHB Ray Insley 0-0: Foul Ball, location: 2F
0-1: Ball
1-1: Foul Ball, location: 2F
1-2: Ball
2-2: Ball
3-2: Foul Ball, location: 2F
3-2: SINGLE (Line Drive, 6MD, EV 95.6 MPH)
Michael Krott to third
Runner from 3rd tries for Home, SAFE, throw by CF to home
Batting: RHB John Corfield 0-0: Fielders Choice at 2nd, 6-4 (Groundball, 6, EV 83.8 MPH)
Bottom of the 6th over - 1 run, 2 hits, 1 error, 1 left on base; Roswell 1 - Colorado 7
TOP OF THE 7TH
Roswell Invaders batting - Pitching for Colorado Avalanche : RHP Josh Blaschke
Batting: RHB Edwin Romero 0-0: Ground out 5-3 (Groundball, 56S, EV 78.8 MPH)
Batting: SHB Ethan Newby 0-0: Called Strike
0-1: Foul Ball, location: 2F
0-2: Strikes out swinging
Batting: LHB Falco van Koeveringe 0-0: Ball
1-0: Ball
2-0: DOUBLE (Line Drive, 9LS, EV 87.5 MPH)
Batting: RHB D.J. Cooke 0-0: Called Strike
0-1: Foul Ball, location: 2F
0-2: Ball
1-2: Foul Ball, location: 2F
1-2: Ball
2-2: Fly out, F9 (Flyball, 9D, EV 98.8 MPH)
Top of the 7th over - 0 runs, 1 hit, 0 errors, 1 left on base; Roswell 1 - Colorado 7
BOTTOM OF THE 7TH
Colorado Avalanche batting - Pitching for Roswell Invaders : RHP Ramiz JambakurIan
Batting: RHB Matviy Oliynyk 0-0: Ball
1-0: Fly out, F5 (Line Drive, 5, EV 73.8 MPH)
Batting: RHB Mike McElroy 0-0: Called Strike
0-1: Foul Ball, location: 2F
0-2: Foul Ball, location: 2F
0-2: Ball
1-2: Foul Ball, location: 2F
1-2: Fly out, F8 (Flyball, 8LS, EV 84.4 MPH)
Batting: RHB Maurice Moore 0-0: Foul Ball, location: 2F
0-1: Swinging Strike
0-2: Ground out 6-3 (Groundball, 6, EV 101.9 MPH)
Bottom of the 7th over - 0 runs, 0 hits, 0 errors, 0 left on base; Roswell 1 - Colorado 7
TOP OF THE 8TH
Roswell Invaders batting - Pitching for Colorado Avalanche : RHP Josh Blaschke
Batting: SHB Ed Vargas 0-0: Foul Ball, location: 2F
0-1: Foul Ball, location: 2F
0-2: Ball
1-2: Foul Ball, location: 2F
1-2: DOUBLE (Line Drive, 9LS, EV 95.0 MPH)
Pitching: RHP Bobby Servin
Batting: RHB Josh Burrows 0-0: Foul Ball, location: 2F
0-1: SINGLE (Line Drive, 56D, EV 95.6 MPH)
Ed Vargas to third
Batting: RHB Mike Swift 0-0: Ball
1-0: Swinging Strike
1-1: Ball
2-1: Grounds into double play, 6-4-3 (Groundball, 56D, EV 85.0 MPH)
Ed Vargas scores
Batting: LHB Josh Thomas 0-0: Swinging Strike
0-1: Foul Ball, location: 2F
0-2: Foul Ball, location: 2F
0-2: Ball
1-2: Ball
2-2: Ball
3-2: Strikes out looking
Top of the 8th over - 1 run, 2 hits, 0 errors, 0 left on base; Roswell 2 - Colorado 7
BOTTOM OF THE 8TH
Colorado Avalanche batting - Pitching for Roswell Invaders : RHP Ramiz JambakurIan
Pitching: RHP Jose Rodas
Batting: RHB Bob Hayes 0-0: Called Strike
0-1: Swinging Strike
0-2: Foul Ball, location: 2F
0-2: Strikes out swinging
Batting: RHB Manny Thompson 0-0: Called Strike
0-1: Ball
1-1: Ball
2-1: Foul Ball, location: 2F
2-2: Foul Ball, location: 2F
2-2: Ball
3-2: SINGLE (Line Drive, 6D, EV 97.5 MPH)
Batting: SHB Jamie Mims 0-0: Ball
1-0: Ball
2-0: Ball
3-0: Base on Balls
Manny Thompson to second
Batting: LHB Michael Krott 0-0: Ball
1-0: Called Strike
1-1: Swinging Strike
1-2: Ball
2-2: Strikes out looking
Batting: RHB Ray Insley 0-0: Fielders Choice at 2nd, 6-4 (Groundball, 6, EV 111.9 MPH)
Bottom of the 8th over - 0 runs, 1 hit, 0 errors, 2 left on base; Roswell 2 - Colorado 7
TOP OF THE 9TH
Roswell Invaders batting - Pitching for Colorado Avalanche : RHP Bobby Servin
Batting: RHB Orlando Florez 0-0: Fly out, F8 (Flyball, 8RXD, EV 91.2 MPH)
Batting: RHB Edwin Romero 0-0: Ball
1-0: Called Strike
1-1: Called Strike
1-2: Strikes out swinging
Batting: SHB Ethan Newby 0-0: SINGLE (Line Drive, 8RS, EV 91.2 MPH)
Batting: LHB Falco van Koeveringe 0-0: Foul Ball, location: 2F
0-1: Ball
1-1: Ball
2-1: Ground out 4-3 (Groundball, 4, EV 87.5 MPH)
Top of the 9th over - 0 runs, 1 hit, 0 errors, 1 left on base; Roswell 2 - Colorado 7
Wednesday, June 22nd , 2022 - OOTP Baseball 23.4 Build 64